 Dungeon Crawl Stone Soup version 0.19-a0-1268-g6c5d9f8 (webtiles) character file.

767 HenryFlower the Destroyer (level 7, -9/50 HPs)
             Began as a White Draconian Conjurer on Aug 29, 2016.
             Was an Initiate of Vehumet.
             Shot with an arrow by a centaur (10 damage)
             ... on level 5 of the Dungeon.
             The game lasted 00:11:08 (5795 turns).

HenryFlower the Destroyer (DrCj)                    Turns: 5795, Time: 00:11:08

Health: -9/50      AC:  7    Str: 11    XL:     7   Next: 52%
Magic:  9/11       EV: 12    Int: 17    God:    Vehumet [......]
Gold:   221        SH:  0    Dex: 11    Spells: 3 memorised, 3 levels left

rFire  . . .     SeeInvis .     a - +2 short sword (venom)
rCold  + . .     Gourm    .     (armour unavailable)
rNeg   . . .     Faith    .     (no shield)
rPois  .         Spirit   .     (helmet restricted)
rElec  .         Dismiss  .     (no cloak)
rCorr  +         Reflect  .     h - +0 pair of gloves
MR     .....     Harm     .     (no boots)
Stlth  ++........               (no amulet)
                                y - ring of wizardry
                                e - ring of resist corrosion

@: no status effects
A: breathe frost, unfitting armour, cold resistance 1, cold-blooded, AC +6
a: Breathe Frost, Renounce Religion


You were on level 5 of the Dungeon.
You worshipped Vehumet.
Vehumet was noncommittal.
You were not hungry.

You visited 2 branches of the dungeon, and saw 6 of its levels.

You collected 221 gold pieces.

Inventory:

Hand Weapons
 a - a +2 short sword of venom (weapon)
 q - a +1 dagger of protection
Armour
 h - a +0 pair of gloves (worn)
Jewellery
 e - a ring of resist corrosion (left hand)
 y - a ring of wizardry (right hand)
Wands
 u - a wand of disintegration (21/24)
Scrolls
 c - 6 scrolls of enchant armour {unknown}
 d - a scroll of recharging {unknown}
 f - 2 scrolls of remove curse {unknown}
 g - 11 scrolls of identify {unknown}
 i - 3 scrolls of fear {unknown}
 j - 2 scrolls of blinking {unknown}
 o - 2 scrolls of enchant weapon {unknown}
 v - a scroll of amnesia {unknown}
 z - a scroll of fog {unknown}
 A - 3 scrolls of teleportation {unknown}
 D - a scroll of magic mapping {unknown}
Potions
 k - 3 potions of curing {unknown}
 l - 2 potions of heal wounds {unknown}
 p - a potion of agility {unknown}
 s - a potion of cancellation {unknown}
 t - 2 potions of might {unknown}
 w - 3 potions of degeneration {unknown}
 C - a potion of haste {unknown}
Books
 n - a book of Conjurations

   Spells                             Type                      Level
   a - Magic Dart                     Conjuration                  1
   b - Searing Ray                    Conjuration                  2
   c - Dazzling Spray                 Conjuration/Hexes            3
   d - Fulminant Prism                Conjuration/Hexes            4
   e - Iskenderun's Mystic Blast      Conjuration                  4
   f - Iskenderun's Battlesphere      Conjuration/Charms           5
Comestibles
 b - 3 bread rations
 m - 2 meat rations
 r - 2 slices of pizza
 x - a fruit
 B - 2 chunks of flesh


   Skills:
 - Level 1.7 Dodging
 - Level 1.7 Stealth
 + Level 2.6 Spellcasting
 + Level 8.3 Conjurations
 - Level 3.1 Hexes


You had 3 spell levels left.
You knew the following spells:

 Your Spells              Type           Power        Failure   Level  Hunger
a - Magic Dart            Conj           ####         1%          1    #......
b - Dazzling Spray        Conj/Hex       ###...       3%          3    ###....
c - Fulminant Prism       Conj/Hex       ###.......   9%          4    #####..


Dungeon Overview and Level Annotations

Branches:
Dungeon (5/15)             Temple (1/1) D:4

Altars:
Ashenzari
Makhleb
Qazlal
Trog
Vehumet
Xom
Yredelemnul
Zin

Shops:
D:4 !


Innate Abilities, Weirdness & Mutations

You can breathe waves of freezing cold.
You can buffet flying creatures when you breathe cold.
Your icy white scales are hard. (AC +6)
Your body does not fit into most forms of armour.
Your flesh is cold resistant. (rC+)
You are cold-blooded and may be slowed by cold attacks.


Message History

The centaur is no longer blind.
The centaur shoots an arrow.
The arrow hits you!
* * * LOW HITPOINT WARNING * * *
You see here an arrow.
Unknown command.
The centaur shoots an arrow.
The arrow hits you but does no damage.
The centaur shoots an arrow.
The arrow hits you but does no damage.
You see here an arrow.
The centaur shoots an arrow.
The arrow hits you!
* * * LOW HITPOINT WARNING * * *
You see here an arrow.
The centaur shoots an arrow.
The arrow hits you!
* * * LOW HITPOINT WARNING * * *
You see here an arrow.
The centaur shoots an arrow.
The arrow hits you.
* * * LOW HITPOINT WARNING * * *
You see here 2 arrows.
There is an open door here.
The centaur shoots an arrow.
The arrow hits you!
You die...

......#### ####.......#
.........# #.......(..#
.........# #..........#
#.......# #.....####.#
#.......# ..........#
#.......##### ###......#
####...........# #......#
......####.(...#######......#
#
.......).(....('@...##......#
#
......####.....####.####.##.#
# ......# #.....# #.# #.##.#
# ......####.(...# #.# #.##.#
# ..........(....# #.# #..#.#
# #. ##....(..#### #.# ##.#.#
# # #...(c(.# #.# #.#.# # #
#.......# #.# #.#.# #
#.###.......# #.# #...# #


You could see a centaur.

Vanquished Creatures
  2 centaurs
  2 ogres (D:4)
  A scorpion (D:4)
  A giant frog skeleton (D:4)
  2 iguanas
  A centaur skeleton (D:4)
  3 worker ants (D:4)
  A hound skeleton (D:4)
  9 adders
  3 oozes
  An adder skeleton (D:4)
  2 worms
  3 dart slugs
  A giant gecko (D:1)
  7 orcs
  12 giant cockroaches
  6 goblins
  9 hobgoblins
  A quokka (D:4)
  A ball python (D:3)
  8 bats
  5 giant newts
  A jackal skeleton (D:4)
  5 kobolds
  12 rats
99 creatures vanquished.

Notes
Turn   | Place    | Note
-------+----------+-------------------------------------------
     0 | D:1      | HenryFlower the Draconian Conjurer began the quest for the Orb.
     0 | D:1      | Reached XP level 1. HP: 14/14 MP: 3/3
   185 | D:1      | Reached XP level 2. HP: 12/20 MP: 0/5
   964 | D:1      | Reached skill level 5 in Conjurations
  1088 | D:1      | Reached XP level 3. HP: 26/26 MP: 3/6
  2223 | D:3      | Reached XP level 4. HP: 24/33 MP: 0/7
  2352 | D:3      | Learned a level 3 spell: Dazzling Spray
  2760 | D:3      | Reached skill level 6 in Conjurations
  3296 | D:4      | Noticed a centaur
  3311 | D:4      | Killed a centaur
  3311 | D:4      | Reached skill level 1 in Hexes
  3311 | D:4      | Reached XP level 5. HP: 9/38 MP: 2/8
  3659 | D:4      | Learned a level 4 spell: Fulminant Prism
  3725 | D:4      | Noticed an ogre
  3736 | D:4      | Killed an ogre
  3736 | D:4      | Reached XP level 6. HP: 29/45 MP: 1/9
  4117 | D:4      | Reached skill level 7 in Conjurations
  4202 | D:4      | Found a staircase to the Ecumenical Temple.
  4269 | D:4      | Found Teysea's Distillery.
  4509 | D:4      | Your scales start taking on an icy white colour.
  4509 | D:4      | Reached XP level 7. HP: 29/50 MP: 1/10
  4509 | D:4      | Gained mutation: Your flesh is cold resistant. (rC+) [White Draconian growth]
  4888 | D:4      | Reached skill level 8 in Conjurations
  5189 | Temple   | Entered the Ecumenical Temple
  5289 | Temple   | Became a worshipper of Vehumet
  5341 | D:5      | Entered Level 5 of the Dungeon
  5773 | D:5      | Found a shattered altar of Ashenzari.
  5790 | D:5      | HP: 2/50 [centaur/arrow (8)]
  5795 | D:5      | Shot with an arrow by a centaur

Vault maps used:
D:1:      dpeg_arrival_chase
D:2:      first_bread
D:3:      minmay_roachtagon
D:4:      serial_shops, nicolae_shop_crystal
D:5:      slow_altar_1, zaba_anthole, cheibrodos_ashenzari_chains
Temple:   regret_index_temple_sphere_string

Skill      XL: |  1  2  3  4  5  6  7 |
---------------+----------------------+-----
Conjurations   | 5 6 7 8 |  8.3
Hexes          | 1 2 3 |  3.1
Dodging        | |  1.7
Stealth        | |  1.7
Spellcasting   | |  2.6

Action                   |  1- 3 |  4- 6 |  7- 9 || total
-------------------------+-------+-------+-------++-------
Melee: Unarmed           |    24 |       |       ||    24
       Tailslap          |     5 |     9 |     4 ||    18
       Short sword       |     9 |    77 |    38 ||   124
 Cast: Magic Dart        |    86 |    33 |    10 ||   129
       Dazzling Spray    |       |    10 |    11 ||    21
 Stab: Sleeping          |       |     2 |     1 ||     3
       Invisible         |       |       |     1 ||     1
  Eat: Chunk             |     5 |     9 |     6 ||    20
Armor: Skin              |    11 |    30 |    13 ||    54
Dodge: Dodged            |    24 |    54 |    38 ||   116
